 Dungeon Crawl Stone Soup version 0.29-a0-231-g945431f764 (webtiles) character file.

Game seed: 16635399012237371793

9157 emikaela the Quickloader (level 11, -8/79 (86) HPs)
             Began as a Yellow Draconian Arcane Marksman on Feb 25, 2022.
             Was a High Priest of Ru.
             Mangled by an ettin
             ... wielding a +0 dire flail
              (22 damage)
             ... on level 9 of the Dungeon on Feb 28, 2022.
             The game lasted 00:48:11 (14567 turns).

emikaela the Quickloader (DrAM)                    Turns: 14567, Time: 00:48:12

HP:   -8/79 (86)    AC: 12    Str: 13    XL:     11   Next: 19%
MP:   15/15         EV: 12    Int: 13    God:    Ru [*****.]
Gold: 576           SH:  0    Dex: 16    Spells: 5/16 levels left

rFire   . . .      SeeInvis .   a - +1 arbalest
rCold   + . .      Faith    .   (shield currently unavailable)
rNeg    . . .      Spirit   .   (body armour unavailable)
rPois   .          Reflect  .   (helmet restricted)
rElec   .          Harm     .   (no cloak)
rCorr   +          Rampage  .   (no gloves)
Will    .....                   v - +0 pair of boots
Stlth   ..........              q - amulet of magic regeneration
HPRegen 0.23/turn               C - +4 ring of protection
MPRegen 0.54/turn               w - ring of protection from cold

@: short of breath, drained
A: spit acid, AC +7, unfitting armour, cold-blooded, no stealth, inability to
use devices, hated by all, unskilled 1, acid resistance
a: Breathe Acid, Renounce Religion, Draw Out Power, Power Leap, Apocalypse


You were on level 9 of the Dungeon.
You worshipped Ru.
Ru was extremely pleased with you.
You visited 3 branches of the dungeon, and saw 12 of its levels.

You collected 576 gold pieces.

Inventory:

Hand Weapons
 a - a +1 arbalest (weapon)
Missiles
 f - 8 poisoned darts
 j - 5 javelins
 n - a throwing net {!f}
 s - 258 stones
Armour
 v - a +0 pair of boots (worn)
Jewellery
 q - an amulet of magic regeneration (around neck)
 t - a ring of fire
 w - a ring of protection from cold (right hand)
 C - a +4 ring of protection (left hand)
Scrolls
 d - 2 scrolls of amnesia
 g - a scroll of fog
 h - a scroll of immolation {unknown}
 i - a scroll of noise {unknown}
 k - a scroll of vulnerability {unknown}
 p - 4 scrolls of teleportation
 x - a scroll of fear {unknown}
Potions
 b - 2 potions of magic
 c - 2 potions of curing
 e - a potion of heal wounds
 m - a potion of attraction {!q}
 o - 3 potions of berserk rage {!q}
 r - 4 potions of haste
 u - a potion of cancellation {unknown}
 y - a potion of might
 z - 4 potions of brilliance
 E - 4 potions of resistance


   Skills:
 - Level 5.0 Fighting
 + Level 11.3 Crossbows
 - Level 1.5 Dodging
 - Level 3.0 Spellcasting
 - Level 5.0 Hexes
 - Level 3.0 Translocations
 - Level 3.0 Fire Magic


You had 5 spell levels left.
You knew the following spells:

 Your Spells              Type           Power      Damage    Failure   Level
a - Portal Projectile     Hex/Tloc       24%        N/A       13%         3
f - Cause Fear            Hex            7%         N/A       28%         4
n - Inner Flame           Hex/Fire       12%        N/A       13%         3
s - Slow                  Hex            56%        N/A       3%          1

Your spell library contained the following spells:

 Spells                   Type           Power      Damage    Failure   Level
 Freeze                   Ice            4%         1d3       22%         1
 Frozen Ramparts          Ice            2%         1d2       56%         3
 Ozocubu's Armour         Ice            1%         N/A       56%         3
 Hailstorm                Conj/Ice       1%         3d3       92%         4
 Ozocubu's Refrigeration  Ice            0%         4d5       100%        7


Dungeon Overview and Level Annotations

Branches:
Dungeon (10/15)            Temple (0/1) D:6            Lair (1/6) D:9
    Orc (1/2) D:9

Altars:
Cheibriados
Gozag
Ru
Uskayaw
Vehumet
Beogh

Shops:
D:2 (   D:9 [

Annotations:
D:5 3 runed translucent doors, DEFE's ghost, novice OpFi


Innate Abilities, Weirdness & Mutations

You can spit globs of acid.
Your golden yellow scales are hard. (AC +7)
You cannot fit into any form of body armour.
You are cold-blooded and may be slowed by cold attacks.
You cannot be stealthy.
You cannot study or use magical devices.
You are hated by all.
You are somewhat unskilled. (-1 Apt)
You are resistant to acid. (rCorr)


Message History

a +0 ring mail; a +0 hand axe You see here a +0 whip.
Things that are here:
a +0 chain mail; a +0 long sword You have got your breath back.
Press: ? - help, Shift-Dir - straight line, f - you
Okay, then.
You are too injured to fight recklessly!
Shoot: a) +1 arbalest
Press: ? - help, Shift-Dir - straight line, f - ettin
Aim: an ettin, wielding two +0 dire flails (moderately wounded, slow, 85% to hit)
You shoot a bolt. The bolt hits the ettin.
The ettin is moderately wounded.
The ettin is no longer moving slowly.
Press: ? - help, Shift-Dir - straight line, f/p - ettin
Aim: an ettin, wielding two +0 dire flails (moderately wounded, 92% to hit)
You fail to use your ability.
Press: ? - help, Shift-Dir - straight line, f/p - ettin
Aim: an ettin, wielding two +0 dire flails (moderately wounded, 92% to hit)
You spit a glob of acid.
The glob of acid hits the ettin!!
The acid corrodes the ettin!
The ettin is severely wounded.
Shoot: a) +1 arbalest
Press: ? - help, Shift-Dir - straight line, f/p - ettin
Aim: an ettin, wielding two +0 dire flails (severely wounded, covered in acid, 85% to hit)
You shoot a bolt.
The bolt hits the ettin but does no damage.
The ettin is severely wounded.
The ettin hits you with a +0 dire flail!
The ettin hits you with a +0 dire flail!!
* * * LOW HITPOINT WARNING * * *
You feel less exhausted.
The ettin is no longer covered in acid.
Okay, then.
You feel much better.
The ettin hits you with a +0 dire flail!
* * * LOW HITPOINT WARNING * * *
You focus your inner power and blind the ettin in retribution!
The ettin hits you with a +0 dire flail!!
You die...

......#.....#8..)##########.....#
......################# #.....#
#....#..## #......# #.....#
#....#...# #......# #.....#
#....#.#.# #......# ###...###
#...##.#.# #......###..)...##
#...##.#.### #......##..>.....#
#...##.#...# ##................#
#...##.###.# ##.@C.....##....../#
######.###[###..##########.....##
.........#.>..........# #.......#
..............#.......# #.......#
.........#.#..........# #.......#
.........#.####.......# ##.....##
#.####..#..# #.......####....##
#.# ##.#.## #########....#### #.#
#.#.# ##.####


You could see an ettin (blind).

Vanquished Creatures
  A boulder beetle (D:9)
  A hydra (D:9)
  A two-headed ogre (D:9)
  An orc high priest (Orc:1)
  Joseph (D:9)
  A cane toad (Lair:1)
  2 hornets
  3 trolls
  3 yaks
  A steam dragon (D:6)
  Menkaure (D:7)
  An acid dragon (D:9)
  7 orc warriors
  4 sky beasts
  2 ice beasts
  2 black bears
  A necrophage (D:7)
  2 ogres (D:4)
  A phantom (D:2)
  2 bullfrogs
  5 scorpions
  A gnoll sergeant (D:8)
  2 wyvern skeletons
  4 wights (D:7)
  6 killer bees
  7 howler monkeys
  An electric eel (D:10)
  A vampire bat (Lair:1)
  A centaur zombie (D:9)
  7 orc priests
  3 bullfrog skeletons
  A bullfrog zombie (D:6)
  2 centaur skeletons
  4 hounds
  4 iguanas
  11 orc wizards
  A killer bee zombie (D:8)
  A howler monkey zombie (D:6)
  9 gnolls
  8 adders
  2 white imps
  An ufetubus (D:4)
  6 dart slugs
  22 orcs
  5 endoplasms
  3 giant cockroaches
  5 goblins
  6 hobgoblins
  10 jackals
  3 quokkas (D:3)
  16 ball pythons
  15 bats
  3 frilled lizards
  10 kobolds
  4 rats
228 creatures vanquished.

Vanquished Creatures (others)
  An ogre (Orc:1)
  A fungus (Lair:1)
2 creatures vanquished.

Grand Total: 230 creatures vanquished

Notes
Turn   | Place    | Note
-------+----------+-------------------------------------------
     0 | D:1      | emikaela the Draconian Arcane Marksman began the quest for
                  | the Orb.
     0 | D:1      | Reached XP level 1. HP: 16/16 MP: 2/2
    14 | D:1      | Reached skill level 2 in Crossbows
   346 | D:1      | Reached XP level 2. HP: 23/23 MP: 3/3
   747 | D:1      | Reached skill level 3 in Crossbows
  1002 | D:2      | Found Ruusior's Weapon Boutique.
  1100 | D:2      | Reached XP level 3. HP: 27/28 MP: 4/4
  1104 | D:2      | Learned a level 3 spell: Inner Flame
  1122 | D:2      | Found a faded altar of an unknown god.
  1129 | D:2      | Prayed at the altar of an unknown god.
  1129 | D:2      | Became a worshipper of Ru the Awakened
  1154 | D:2      | Gained mutation: You are somewhat unskilled. (-1 Apt) [Ru
                  | sacrifice]
  1154 | D:2      | Reduced skill Crossbows to level 2
  1154 | D:2      | Reached * piety under Ru
  1159 | D:2      | Reached skill level 3 in Crossbows
  1446 | D:2      | Reached XP level 4. HP: 6/35 MP: 5/5
  2066 | D:2      | Reached skill level 4 in Crossbows
  2343 | D:2      | Noticed a phantom
  2354 | D:2      | Killed a phantom
  2355 | D:2      | Reached skill level 1 in Stealth
  2355 | D:2      | Reached skill level 1 in Evocations
  2355 | D:2      | Reached XP level 5. HP: 19/40 MP: 6/6
  3467 | D:4      | Reached XP level 6. HP: 36/47 MP: 7/7
  4281 | D:4      | Found an opulent altar of Gozag.
  4801 | D:4      | Gained mutation: You cannot be stealthy. [Ru sacrifice]
  4801 | D:4      | Reached ** piety under Ru
  4830 | D:4      | Reached skill level 5 in Crossbows
  4830 | D:4      | Your scales start taking on a golden yellow colour.
  4830 | D:4      | Reached XP level 7. HP: 13/52 MP: 8/8
  4830 | D:4      | Gained mutation: You are resistant to acid. (rCorr) [Yellow
                  | Draconian growth]
  5549 | D:5      | Entered Level 5 of the Dungeon
  5612 | D:5      | Noticed DEFE's ghost (novice OpFi)
  5671 | D:4      | Reached skill level 6 in Crossbows
  5981 | D:5      | Reached XP level 8. HP: 59/59 MP: 9/9
  6002 | D:5      | Found a runed translucent gate.
  6002 | D:5      | Found a runed translucent gate.
  6002 | D:5      | Found a runed translucent gate.
  6199 | D:5      | Reached skill level 7 in Crossbows
  6329 | D:5      | Found a hide-covered altar of Uskayaw.
  6899 | D:6      | Reached skill level 8 in Crossbows
  7354 | D:6      | Found a staircase to the Ecumenical Temple.
  8321 | D:7      | Reached skill level 9 in Crossbows
  8353 | D:7      | Reached XP level 9. HP: 64/64 MP: 10/10
  8500 | D:7      | Gained mutation: You are hated by all. [Ru sacrifice]
  8500 | D:7      | Reached *** piety under Ru
  8505 | D:7      | Learned a level 3 spell: Portal Projectile
  8688 | D:7      | Noticed Menkaure
  8696 | D:7      | Killed Menkaure
  8697 | D:7      | Reached skill level 1 in Spellcasting
  9131 | D:7      | Reached skill level 1 in Translocations
  9131 | D:7      | Reached skill level 1 in Fire Magic
  9282 | D:7      | Found a radiant altar of Vehumet.
 10973 | D:9      | Found a staircase to the Lair.
 11007 | D:9      | Noticed Joseph
 11015 | D:9      | Killed Joseph
 11016 | D:9      | Reached XP level 10. HP: 34/77 MP: 12/14
 11304 | D:9      | Noticed a two-headed ogre
 11338 | D:9      | Killed a two-headed ogre
 11756 | D:9      | Found a sacrificial altar of Ru.
 11813 | D:9      | Noticed a boulder beetle
 11833 | D:9      | Found Cheibriados's Comfort Zone.
 11833 | D:9      | Found a snail-covered altar of Cheibriados.
 11926 | D:9      | Killed a boulder beetle
 11927 | D:9      | Reached skill level 10 in Crossbows
 12281 | D:9      | Found a staircase to the Orcish Mines.
 12784 | D:9      | Upgraded the game from 0.29-a0-214-g17f627cfee to
                  | 0.29-a0-231-g945431f764
 12785 | D:10     | Entered Level 10 of the Dungeon
 13214 | D:10     | Noticed a death knight
 13215 | D:10     | Reached skill level 5 in Fighting
 13215 | D:10     | Reached skill level 5 in Evocations
 13228 | D:10     | Learned a level 4 spell: Cause Fear
 13228 | D:10     | Gained mutation: You cannot study or use magical devices.
                  | [Ru sacrifice]
 13228 | D:10     | Reached **** piety under Ru
 13228 | D:10     | Reached ***** piety under Ru
 13266 | D:10     | Noticed a gargoyle
 13335 | Lair:1   | Entered Level 1 of the Lair of Beasts
 13335 | Lair:1   | Noticed a cane toad
 13335 | Lair:1   | Noticed an eight-headed hydra
 13344 | D:9      | Killed an eight-headed hydra
 13345 | D:9      | Reached skill level 5 in Hexes
 14113 | Lair:1   | Noticed a cane toad
 14130 | Lair:1   | Killed a cane toad
 14131 | Lair:1   | Reached XP level 11. HP: 70/86 MP: 15/15
 14373 | Orc:1    | Entered Level 1 of the Orcish Mines
 14409 | Orc:1    | Reached skill level 11 in Crossbows
 14507 | Orc:1    | Noticed an orc high priest
 14512 | Orc:1    | Noticed a soul eater
 14515 | Orc:1    | Noticed a sun demon
 14515 | Orc:1    | Killed an orc high priest
 14524 | Orc:1    | Noticed an ettin
 14550 | D:9      | HP: 2/79 [ettin/+0 dire flail (29)]
 14567 | D:9      | Mangled by an ettin

Illustrated notes

Levels and vault maps discovered:
D:1:      scummos_arrival_forest, layout_basic, grunt_decor_arrowhead,
          serial_bayou_lagoon_b
D:2:      layout_basic, basic_ecumenical_altar, serial_shops, shop,
          grunt_decor_clamped, hangedman_decor_slide_cut, dk_vineyard_2,
          minmay_snake_closets
D:3:      layout_loops_ring, st_stairs_10, hangedman_decor_opposing
D:4:      layout_basic, kennysheep_diamond
D:5:      layout_loops_ring, nicolae_uskayaw_dance_hall, gammafunk_ghost_split,
          serial_bayou_pond_e
D:6:      cheibrodos_helix_gallery, layout_layer_cave, minmay_temple_entry_hall
D:7:      layout_rooms, mainiacjoe_overflow_concentric_impassable,
          grunt_decor_one_mirror, amethyst_killhole, minmay_checkerbox,
          uniq_menkaure
D:8:      layout_basic
D:9:      layout_rooms, nicolae_ru_great_annihilating_truth, lair_entry_dummy,
          minmay_orc_entry_temple_small, kennysheep_small_spiral,
          minmay_shop_chei, patterned_corridor, uniq_joseph
D:10:     layout_roguey, makhleb_altar_promises_db, amcnicky_mini_pool_medium
Lair:1:   wander_river, layout_long_grid, roderic_batcave
Orc:1:    layout_caves, serial_shops, nicolae_shop_trees, elf_legates

Skill      XL: |  1  2  3  4  5  6  7  8  9 10 11 |
---------------+----------------------------------+-----
Crossbows      | 2 3 3 4 5 6 9 10 11 | 11.3
Spellcasting   | 0 2 3 |  3.0
Stealth        | 1 0 |  0.0
Evocations     | 1 3 0 |  0.0
Translocations | 2 3 |  3.0
Fire Magic     | 2 3 |  3.0
Fighting       | 3 5 |  5.0
Hexes          | 3 5 |  5.0
Dodging        | |  1.5

Action                   |  1- 3 |  4- 6 |  7- 9 | 10-12 || total
-------------------------+-------+-------+-------+-------++-------
Melee: Arbalest          |       |       |     1 |       ||     1
 Fire: Hand crossbow     |   120 |   250 |    22 |       ||   392
       Arbalest          |       |       |   306 |   170 ||   476
 Cast: Slow              |       |    11 |       |     9 ||    20
       Inner Flame       |       |       |     1 |     6 ||     7
       Portal Projectile |       |       |       |     3 ||     3
Invok: Sacrifice Skill   |     1 |       |       |       ||     1
       Sacrifice Stealth |       |     1 |       |       ||     1
       Sacrifice Love    |       |       |     1 |       ||     1
       Apocalypse        |       |       |       |     3 ||     3
       Power Leap        |       |       |       |     1 ||     1
       Sacrifice Artific |       |       |       |     1 ||     1
 Abil: Breathe Acid      |       |       |    38 |    11 ||    49
Evoke: Wand              |       |     2 |     1 |     1 ||     4
  Use: Potion            |     2 |       |     2 |     4 ||     8
       Scroll            |       |     1 |    12 |     3 ||    16
Armor: Skin              |    26 |    55 |    92 |    26 ||   199
Dodge: Dodged            |    48 |    89 |   143 |    55 ||   335

Table legend: (Time is in decaauts)
 A = Elapsed time spent in this place.
 B = Non-inter-level travel time spent in this place.
 C = Inter-level travel time spent in this place.
 D = Time resting spent in this place.
 E = Time spent auto-exploring this place.
 F = Levels seen in this place.
 G = Mean time per level.
                   A        B        C        D        E       F      G
               +--------+--------+--------+--------+--------+-----+--------+
         Total |  14892 |  13758 |   1134 |     42 |  11113 |  12 | 1241.0 |
       Dungeon |  14360 |  13269 |   1091 |     42 |  10734 |  10 | 1436.0 |
          Lair |    393 |    351 |     42 |      0 |    291 |   1 |  393.0 |
  Orcish Mines |    138 |    138 |      0 |      0 |     88 |   1 |  138.0 |
               +--------+--------+--------+--------+--------+-----+--------+

Top non-repeatable levels by time:
     D:9: 2587 daAuts
     D:4: 2044 daAuts
     D:6: 1964 daAuts
     D:2: 1762 daAuts
     D:8: 1464 daAuts
     D:7: 1055 daAuts
     D:1: 1002 daAuts
     D:3: 1000 daAuts
     D:5: 992 daAuts
    D:10: 487 daAuts
  Lair:1: 393 daAuts
   Orc:1: 138 daAuts
